 Dungeon Crawl Stone Soup version 0.31-a0-654-gbe3e110b4e (webtiles) character file.

Game seed: 1163215603957953646

86272 rddays123 the Spry (level 15, -1/73 HPs)
             Began as a Felid Summoner on Aug 27, 2023.
             Was an Initiate of Gozag.
             Slain by an emperor scorpion (6 damage)
             ... on level 2 of the Spider Nest on Aug 29, 2023.
             The game lasted 03:08:10 (33429 turns).

rddays123 the Spry (Felid Summoner)                Turns: 33429, Time: 03:08:11

Health: -1/73      AC:  3    Str:  4    XL:     15   Next: 40%
Magic:  31/31      EV: 29    Int: 36    God:    Gozag
Gold:   2233       SH:  0    Dex: 17    Spells: 15/37 levels left
                                        Lives:  0   Deaths: 5

rFire   . . .        (weapon unavailable)
rCold   + . .        (shield unavailable)
rNeg    . . .        (body armour unavailable)
rPois   +            (helmet unavailable)
rElec   .            (cloak unavailable)
rCorr   .            (gloves unavailable)
SInv    +            (boots unavailable)
Will    +++..        R - amulet "Odooph" {rPois Regen+ Int+3}
Stlth   ++           y - +6 ring of intelligence
HPRegen 1.12/turn    N - ring of Deryot {Wiz Will+ Int+3 Slay-2}
MPRegen 0.22/turn

%: wizardry (x1)
@: studying Air Magic, quick
A: very small, claws 1, fangs 3, see invisible, speed 1, shaggy fur 3, stealthy
paws, no weapons or thrown items, no armour, multi-lived
a: Renounce Religion, Potion Petition, Call Merchant, Bribe Branch


You were on level 2 of the Spider Nest.
You worshipped Gozag.
Gozag was most pleased with you.
You visited 4 branches of the dungeon, and saw 23 of its levels.

You collected 5276 gold pieces.
You spent 1143 gold pieces at shops.
You paid 1900 gold pieces to Gozag.

Inventory:

Hand Weapons
 Y - a +6 heavy executioner's axe
Armour
 o - a scarf of shadows
Jewellery
 v - a +6 ring of dexterity
 y - a +6 ring of intelligence (left paw)
 B - a ring of poison resistance
 E - a ring of magical power
 F - a +4 ring of slaying
 J - a ring of protection from fire
 M - a ring of flight
 N - the ring of Deryot (right paw) {Wiz Will+ Int+3 Slay-2}
   (You bought it in a shop on level 10 of the Dungeon)

   [ring of wizardry]

   Wiz:       It improves your spell success rate.
   Int+3:     It affects your intelligence (+3).
   Slay-2:    It affects your accuracy & damage with ranged weapons and melee
   (-2).
   Will+:     It increases your willpower.
 P - a ring of positive energy
 R - the amulet "Odooph" (around neck) {rPois Regen+ Int+3}
   (You bought it in a shop on level 10 of the Dungeon)

   [amulet of regeneration]

   Int+3:     It affects your intelligence (+3).
   rPois:     It protects you from poison Regen+: It increases your rate of
   health regeneration.
 U - a ring of ice
 Z - a ring of wizardry
Wands
 g - a wand of paralysis (6)
 C - a wand of flame (46)
 G - a wand of iceblast (22)
 H - a wand of mindburst (24)
 L - a wand of polymorph (1)
 Q - a wand of acid (5)
Scrolls
 a - a scroll of identify
 b - a scroll of enchant weapon
 c - 8 scrolls of fear
 d - 6 scrolls of immolation
 e - 5 scrolls of fog
 f - 2 scrolls of brand weapon {unknown}
 j - 3 scrolls of teleportation
 m - 2 scrolls of poison
 q - 2 scrolls of silence
 t - 3 scrolls of noise
 x - 3 scrolls of enchant armour
 K - 3 scrolls of vulnerability {unknown}
 S - 2 scrolls of butterflies {unknown}
 T - a scroll of torment {unknown}
 V - a scroll of acquirement {unknown}
 W - a scroll of revelation
 X - a scroll of blinking
Potions
 h - 7 potions of curing
 k - a potion of experience {unknown}
 l - 4 potions of degeneration
 n - 4 potions of brilliance
 p - 2 potions of cancellation
 s - 8 potions of attraction
 u - 2 potions of resistance
 w - 4 potions of lignification
 z - 3 potions of haste
 A - 2 potions of might
 D - 2 potions of enlightenment
 I - 5 potions of mutation
 O - a potion of ambrosia


   Skills:
 - Level 13.1 Fighting
 - Level 17.0 Dodging
 - Level 3.0 Stealth
 + Level 11.8 Spellcasting
 - Level 10.0 Hexes
 - Level 15.2 Summonings
 - Level 7.0 Air Magic


You had 15 spell levels left.
You knew the following spells:

 Your Spells              Type           Power      Damage    Failure   Level
a - Monstrous Menagerie   Summ           46%        N/A       1%          7
c - Call Canine Familiar  Summ           92%        N/A       0%          3
d - Summon Guardian Gole  Hex/Summ       84%        N/A       1%          3
e - Summon Lightning Spi  Summ/Air       79%        N/A       1%          4
f - Summon Mana Viper     Hex/Summ       84%        N/A       1%          5

Your spell library contained the following spells:

 Spells                   Type           Power      Damage    Failure   Level
 Summon Small Mammal      Summ           100%       N/A       0%          1
 Call Imp                 Summ           100%       N/A       0%          2
 Apportation              Tloc           42%        N/A       1%          1
 Foxfire                  Conj/Fire      84%        2x1d8     1%          1
 Freeze                   Ice            84%        1d9       1%          1
 Necrotise                Necr           84%        1d8       1%          1
 Slow                     Hex            100%       N/A       1%          1
 Ensorcelled Hibernation  Hex/Ice        100%       N/A       1%          2
 Poisonous Vapours        Pois/Air       92%        N/A       1%          2
 Sublimation of Blood     Necr           21%        N/A       1%          2
 Wereblood                Tmut           21%        N/A       1%          2
 Confusing Touch          Hex            75%        N/A       1%          3
 Inner Flame              Hex/Fire       55%        N/A       1%          3
 Mephitic Cloud           Conj/Pois/Air  38%        N/A       1%          3
 Tukima's Dance           Hex            75%        N/A       1%          3
 Anguish                  Hex/Necr       27%        N/A       1%          4
 Cause Fear               Hex            37%        N/A       1%          4
 Fulminant Prism          Conj/Hex       27%        3d14      1%          4
 Summon Ice Beast         Ice/Summ       66%        N/A       1%          4
 Summon Hydra             Summ           46%        N/A       1%          7
 Frozen Ramparts          Ice            42%        1d7       2%          3
 Hailstorm                Conj/Ice       21%        3d6       2%          3
 Ozocubu's Armour         Ice            21%        N/A       2%          3
 Vampiric Draining        Necr           21%        2d7       2%          3
 Volatile Blastmotes      Fire/Tloc      42%        2d13      2%          3
 Yara's Violent Unravell  Hex/Tmut       27%        3d12      2%          5
 Flame Wave               Conj/Fire      21%        2d8       8%          4
 Iskenderun's Mystic Bla  Conj/Tloc      21%        2d6       8%          4
 Passage of Golubria      Tloc           21%        N/A       8%          4
 Sticky Flame             Conj/Fire      21%        2d4       8%          4
 Freezing Cloud           Conj/Ice/Air   19%        6-21      9%          5
 Enfeeble                 Hex            37%        N/A       11%         7
 Alistair's Intoxication  Tmut/Pois      14%        N/A       21%         5
 Borgnjor's Vile Clutch   Necr/Erth      10%        N/A       21%         5
 Irradiate                Conj/Tmut      10%        3d15      21%         5
 Plasma Beam              Fire/Air       23%        2x1d35    26%         6
 Eringya's Noxious Bog    Tmut/Pois      10%        4d6       71%         6
 Starburst                Conj/Fire      10%        6d5       71%         6
 Ozocubu's Refrigeration  Ice            10%        4d9       99%         7
 Disjunction              Tloc           10%        N/A       100%        8


Dungeon Overview and Level Annotations

Branches:
Dungeon (15/15)            Temple (1/1) D:4            Lair (5/5) D:9
 Shoals (0/4) Lair:3       Spider (2/4) Lair:3        Slime (0/5) Lair:4
    Orc (0/2) D:9          Vaults (0/5) D:13         Depths (0/4) D:15

Altars:
Ashenzari
Cheibriados
Dithmenos
Elyvilon
Fedhas
Gozag
Hepliaklqana
Kikubaaqudgha
Makhleb
Nemelex Xobeh
Okawaru
Qazlal
Ru
Sif Muna
Trog
Uskayaw
Vehumet
Wu Jian
Xom
Yredelemnul
Zin
The Shining One
Jiyva

Shops:
D:10 *=   D:11 [   D:12 :   D:15 *

Annotations:
D:4 2 transporters, SirDiesAlot's ghost, novice OpFE
D:11 3 runed translucent doors, thug444's ghost, journeyman FoFi


Innate Abilities, Weirdness & Mutations

You have sharp claws.
You have razor-sharp teeth.
You have supernaturally acute eyesight. (SInv)
You cover ground quickly. (Speed+)
Your thick and shaggy fur keeps you warm. (AC +3, rC+)
Your paws help you pounce on unaware monsters.
You are incapable of wielding weapons or throwing items.
You cannot wear armour.
You gain extra lives every three experience levels.


Message History

The wolf spider closely misses you. The wolf spider bites you!
The demonic crawler completely misses you.
The demonic crawler misses you.
The demonic crawler completely misses you.
The emperor scorpion stings you but does no damage.
The emperor scorpion completely misses you.
The emperor scorpion claws you. The wolf spider completely misses you.
The wolf spider bites you. The demonic crawler closely misses you.
The demonic crawler hits you. The demonic crawler closely misses you.
Your manticore flicks its tail.
The volley of spikes hits the demonic crawler!
Something touches your manticore!
Your manticore appears confused.
The wolf spider barely misses you. x2; The jumping spider leaps!
The emperor scorpion stings you but does no damage.
The emperor scorpion misses you.
The emperor scorpion claws you but does no damage.
Something touches your manticore! The demonic crawler hits you!
The demonic crawler barely misses you. The demonic crawler closely misses you.
The wolf spider hits you!
* * * LOW HITPOINT WARNING * * *
The wolf spider completely misses you. The emperor scorpion misses you.
The emperor scorpion completely misses you.
The emperor scorpion misses you.
A tarantella comes into view.
The demonic crawler hits you.
* * * LOW HITPOINT WARNING * * *
The demonic crawler completely misses you.
The demonic crawler hits you.
* * * LOW HITPOINT WARNING * * *
The wolf spider hits you!
* * * LOW HITPOINT WARNING * * *
The wolf spider misses you. The jumping spider closely misses you.
The jumping spider bites you.
* * * LOW HITPOINT WARNING * * *
The emperor scorpion misses you.
The emperor scorpion completely misses you.
The emperor scorpion claws you.
You die...
Your body crumbles into a pile of gold.

. ## #..#..)#..8.≈####
..##.. ).###.^..#B###^..
.....s #.........H.ss$..
#....H###.....###.#..s9#~
#...#<# #. #≈#.#...~
#...##..# .#~~#####
#^..#..#.^# ###.##
#...#ss#.$# #. . ##.
#?@#.^# .. .. #ss#..# #.#
.! #sH##s. ... .#.. .#
..... #.##°.# ## ...#
...#


You could see an emperor scorpion, a jorogumo, a demonic crawler (skewered, ally
target), a wolf spider, 2 jumping spiders, a tarantella and a friendly manticore
(summoned, sheltered, confused).

Vanquished Creatures
  An electric eel (Lair:5)
  A bat (D:1)
2 creatures vanquished.

Vanquished Creatures (collateral kills)
  Rupert (D:14)
  An emperor scorpion (Spider:1)
  An ironbound preserver (D:13)
  A broodmother (Spider:1)
  Nessos (D:14)
  Azrael (D:12)
  2 spark wasps (Spider:1)
  Snorg (D:12)
  2 fire dragons (D:15)
  6 hydras
  3 centaur warriors
  An ogre mage (D:15)
  5 boulder beetles
  A catoblepas (Lair:2)
  A death knight (D:14)
  2 demonic crawlers (Spider:1)
  3 radroaches (Spider:1)
  A merfolk avatar (Lair:5)
  4 two-headed ogres
  A tengu warrior (D:14)
  Sonja (Lair:3)
  Nergalle (D:12)
  A skeletal warrior (D:13)
  2 pharaoh ants (Spider:1)
  A skyshark (Lair:4)
  3 orb spiders
  2 sun moths
  A steelbarb worm (Spider:1)
  2 wizards
  A harpy (Lair:5)
  7 deep elf pyromancers
  5 wolf spiders
  4 cyclopes
  2 manticores
  4 black mambas
  3 torpor snails (Spider:1)
  8 elephants
  A water nymph (Lair:3)
  12 cane toads
  2 rime drakes (Lair:5)
  A gargoyle (D:14)
  Psyche (D:8)
  A yaktaur (D:15)
  An unseen horror (D:13)
  A kobold demonologist (D:14)
  8 komodo dragons
  An efreet (D:15)
  A tengu conjurer (D:14)
  A troll (D:14)
  3 meliai (D:13)
  A troll (shapeshifter) (D:13)
  A wind drake (Lair:5)
  4 polar bears
  6 tarantellas
  26 blink frogs
  A raiju (shapeshifter) (D:14)
  2 snapping turtles (Lair:5)
  7 jumping spiders
  5 vampires
  4 wraiths
  12 culicivoras
  23 yaks
  A hog (D:13)
  10 wyverns
  2 fire elementals (D:12)
  3 basilisks
  3 vampire mosquitoes (D:12)
  A steam dragon (Lair:5)
  19 redbacks (Spider:1)
  12 water moccasins
  3 hell hounds (D:12)
  4 orc warriors
  2 sky beasts (D:6)
  4 ogres
  13 wolves
  3 centaurs
  4 kobold brigands
  A scorpion (D:5)
  A bullfrog (shapeshifter) (D:15)
  14 bullfrogs
  5 gnoll sergeants
  7 wights
  5 killer bees (D:9)
  3 howler monkeys
  4 electric eels
  4 hounds
  4 jellies
  2 gnoll boudas
  4 orc priests
  5 orc wizards
  Robin (D:3)
  28 gnolls
  6 adders
  3 white imps
  2 ufetubi
  2 worms
  A dart slug (D:2)
  44 orcs
  11 ball pythons
  9 endoplasms
  A giant cockroach (D:4)
  19 goblins
  9 hobgoblins
  6 jackals
  3 quokkas
  3 bats (D:3)
  2 frilled lizards
  23 kobolds
  2 rats
531 creatures vanquished.

Vanquished Creatures (others)
  Kirke (D:13)
  A hydra (D:12)
  A two-headed ogre (D:10)
  Maurice (D:8)
  Maggie (D:8)
  A komodo dragon (Lair:2)
  Prince Ribbit (D:6)
  A wyvern (D:10)
  6 yaks
  2 humans (D:13)
  A vampire mosquito (D:12)
  An acid dragon (D:12)
  5 orc warriors
  A centaur (D:7)
  3 wolves
  A wight (D:7)
  A killer bee (D:9)
  An orc priest (D:9)
  A gnoll (D:10)
  2 orcs
  A kobold (D:9)
34 creatures vanquished.

Grand Total: 567 creatures vanquished

Notes
Turn   | Place    | Note
-------+----------+-------------------------------------------
     0 | D:1      | rddays123 the Felid Summoner began the quest for the Orb.
     0 | D:1      | Reached XP level 1. HP: 7/7 MP: 4/4
   653 | D:1      | Reached XP level 2. HP: 11/11 MP: 3/6
  1403 | D:2      | Learned a level 2 spell: Call Imp
  1477 | D:2      | Got the Exposition on Spatial Incineration
  1600 | D:2      | Reached XP level 3. HP: 14/14 MP: 3/7
  1604 | D:2      | Learned a level 3 spell: Call Canine Familiar
  1807 | D:2      | Identified the +0 ring mail of Musseach {rN+ Int+3 Dex+3}
  2267 | D:2      | Found a faded altar of an unknown god.
  2523 | D:3      | Noticed Robin
  2545 | D:3      | Reached XP level 4. HP: 17/18 MP: 1/9
  2669 | D:3      | Killed Robin
  2676 | D:3      | Learned a level 3 spell: Summon Guardian Golem
  2763 | D:3      | Reached skill level 3 in Dodging
  2763 | D:3      | Reached skill level 5 in Summonings
  2807 | D:3      | Noticed a centaur
  3414 | D:3      | Reached skill level 1 in Hexes
  3607 | D:3      | Found a sacrificial altar of Ru.
  3658 | D:3      | Killed a centaur
  3659 | D:3      | Reached skill level 1 in Fighting
  3659 | D:3      | Reached XP level 5. HP: 19/22 MP: 6/11
  3828 | D:4      | Found a basalt altar of Yredelemnul.
  3930 | D:4      | Found a transporter.
  3933 | D:4      | Noticed an ogre
  3933 | D:4      | Noticed SirDiesAlot's ghost (novice OpFE)
  3935 | D:4      | Found a transporter.
  3935 | D:4      | Noticed an ogre
  4126 | D:4      | Found a staircase to the Ecumenical Temple.
  4144 | Temple   | Entered the Ecumenical Temple
  4164 | Temple   | Became a worshipper of Elyvilon the Healer
  4633 | D:4      | Found a faded altar of an unknown god.
  4633 | D:4      | Found a glowing silver altar of Zin.
  4640 | D:4      | Found a hide-covered altar of Uskayaw.
  4642 | D:4      | Found a bloodstained altar of Trog.
  4644 | D:4      | Found a glowing golden altar of the Shining One.
  4817 | D:4      | Gained mutation: You are covered in thick fur. (AC +2)
                  | [Felid growth]
  4817 | D:4      | Reached XP level 6. HP: 11/26 MP: 7/12
  5045 | D:5      | Entered Level 5 of the Dungeon
  5209 | D:5      | Reached skill level 4 in Dodging
  5478 | D:5      | Found an iron altar of Okawaru.
  5543 | D:5      | Noticed a wyvern
  5730 | D:5      | Killed a wyvern
  5731 | D:5      | Reached XP level 7. HP: 30/30 MP: 2/14
  5945 | D:5      | Reached * piety under Elyvilon
  6049 | D:5      | Reached skill level 5 in Dodging
  6799 | D:6      | Found a burning altar of Makhleb.
  6859 | D:6      | Noticed Prince Ribbit
  7172 | D:6      | Reached skill level 5 in Hexes
  7172 | D:6      | Reached XP level 8. HP: 32/34 MP: 5/15
  7501 | D:6      | HP: 1/34 [Prince Ribbit (6)]
  7519 | D:6      | Killed Prince Ribbit
  7520 | D:6      | Reached skill level 6 in Dodging
  7580 | D:6      | Reached ** piety under Elyvilon
  7690 | D:6      | Reached skill level 5 in Spellcasting
  8126 | D:6      | Learned a level 4 spell: Summon Lightning Spire
  8168 | D:6      | Reached skill level 1 in Air Magic
  8993 | D:7      | Reached skill level 7 in Dodging
  9313 | D:7      | Found a stormy altar of Qazlal.
  9414 | D:7      | Reached XP level 9. HP: 40/40 MP: 9/18
  9481 | D:7      | Found a blossoming altar of Fedhas.
  9832 | D:7      | Found a hazy altar of Hepliaklqana.
 10072 | D:8      | Reached skill level 5 in Fighting
 10082 | D:8      | Noticed Psyche
 10091 | D:8      | Noticed Maggie
 10103 | D:8      | Killed Psyche
 10105 | D:8      | Killed from afar by Maggie
 10106 | D:8      | Reached *** piety under Elyvilon
 10121 | D:8      | Killed Maggie
 10131 | D:8      | Reached skill level 8 in Dodging
 10132 | D:8      | Noticed Maurice
 10167 | D:8      | Killed Maurice
 10168 | D:8      | Reached skill level 5 in Air Magic
 10484 | D:8      | Found a radiant altar of Vehumet.
 10560 | D:8      | Found a broken altar of Ashenzari.
 10736 | D:8      | Found an opulent altar of Gozag.
 10742 | D:8      | Fell from the grace of Elyvilon
 10742 | D:8      | Became a worshipper of Gozag Ym Sagoz the Greedy
 10905 | D:8      | Found a shimmering blue altar of Sif Muna.
 10921 | D:8      | Learned a level 5 spell: Summon Mana Viper
 10989 | D:9      | Reached XP level 10. HP: 45/45 MP: 13/20
 10989 | D:9      | Upgraded the game from 0.31-a0-640-g39d97e502b to
                  | 0.31-a0-654-gbe3e110b4e
 11260 | D:9      | Reached skill level 9 in Dodging
 11874 | D:9      | Identified the +1 robe "Huasir" {Stlth+}
 11941 | D:9      | Found a staircase to the Orcish Mines.
 12199 | D:9      | Found a staircase to the Lair.
 12314 | D:10     | Entered Level 10 of the Dungeon
 12592 | D:10     | Reached skill level 10 in Dodging
 12639 | D:10     | Noticed a two-headed ogre
 12648 | D:10     | Killed a two-headed ogre
 12763 | D:10     | Noticed a four-headed hydra
 12772 | D:10     | Killed a four-headed hydra
 12773 | D:10     | Reached XP level 11. HP: 50/50 MP: 15/21
 12871 | D:10     | Found a snail-covered altar of Cheibriados.
 13335 | D:10     | Noticed a two-headed ogre
 13343 | D:10     | Killed a two-headed ogre
 13552 | D:11     | Found Qiutzexo's Armour Shop.
 13803 | D:11     | Reached skill level 11 in Dodging
 13976 | D:11     | Identified the +2 ring mail "Sahil" {rElec rPois rCorr
                  | Str-5}
 14016 | D:11     | Found a runed translucent gate.
 14021 | D:11     | Found a runed translucent gate.
 14021 | D:11     | Noticed thug444's ghost (journeyman FoFi)
 14022 | D:11     | Found a runed translucent gate.
 14356 | D:11     | Noticed a two-headed ogre
 14366 | D:11     | Killed a two-headed ogre
 14521 | D:11     | Found a viscous altar of Jiyva.
 14644 | D:12     | Noticed a deep elf pyromancer
 14662 | D:12     | Killed a deep elf pyromancer
 14727 | D:12     | Noticed a seven-headed hydra
 14733 | D:12     | Reached skill level 10 in Summonings
 14742 | D:12     | Reached skill level 10 in Hexes
 14742 | D:12     | Killed a seven-headed hydra
 14743 | D:12     | Reached skill level 12 in Dodging
 14878 | D:12     | Noticed Nergalle
 14882 | D:12     | Noticed a two-headed ogre
 14889 | D:12     | HP: 2/52 [spectral orc warrior/+0 war axe[Nergalle] (11)]
 14890 | D:12     | Mangled by a spectral orc warrior
 15044 | Lair:1   | Entered Level 1 of the Lair of Beasts
 15602 | Lair:1   | Gained mutation: Your thick and shaggy fur keeps you warm.
                  | (AC +3, rC+) [Felid growth]
 15602 | Lair:1   | Reached XP level 12. HP: 57/57 MP: 20/22
 16175 | Lair:1   | Reached skill level 13 in Dodging
 16482 | D:10     | Bought the amulet "Odooph" {rPois Regen+ Int+3} for 617
                  | gold pieces
 16742 | Lair:2   | Noticed a catoblepas
 16748 | Lair:2   | Killed a catoblepas
 16751 | Lair:2   | Reached skill level 10 in Fighting
 17767 | Lair:2   | You fall into a shaft and drop 1 floor!
 18552 | Lair:3   | Noticed a boulder beetle
 18560 | Lair:3   | Killed a boulder beetle
 18561 | Lair:3   | Reached skill level 14 in Dodging
 18579 | Lair:3   | Noticed Sonja
 18585 | Lair:3   | Killed Sonja
 18911 | Lair:3   | Found a hole to the Spider Nest.
 19223 | Lair:4   | Found a viscous altar of Jiyva.
 19243 | Lair:4   | Found a staircase to the Slime Pits.
 19391 | Lair:4   | Noticed a five-headed hydra
 19398 | Lair:4   | Killed a five-headed hydra
 19399 | Lair:4   | Reached XP level 13. HP: 63/63 MP: 23/26
 19755 | D:10     | Bought the ring of Deryot {Wiz Will+ Int+3 Slay-2} for 526
                  | gold pieces
 20351 | Lair:5   | Entered Level 5 of the Lair of Beasts
 20409 | Lair:5   | Learned a level 7 spell: Monstrous Menagerie
 21749 | Lair:5   | Killed from afar by a wind drake
 22944 | Lair:5   | Identified the +2 trident "Ynla" {drain, Dex+2}
 23830 | D:12     | Noticed Snorg
 23838 | D:12     | Killed Snorg
 23994 | D:12     | Killed Nergalle
 24112 | D:12     | Reached skill level 15 in Dodging
 24210 | D:12     | Noticed Azrael
 24222 | D:12     | Killed Azrael
 24493 | D:12     | Reached XP level 14. HP: 67/67 MP: 19/27
 24830 | D:13     | Found a frozen archway.
 25186 | D:13     | Found a gate to the Vaults.
 25186 | D:13     | Noticed an ironbound preserver
 25337 | D:13     | Killed an ironbound preserver
 25668 | D:13     | Noticed Kirke
 25673 | D:13     | Noticed a sphinx
 25687 | D:13     | Killed Kirke
 26511 | D:14     | Reached skill level 16 in Dodging
 26769 | D:14     | Reached skill level 15 in Summonings
 27296 | D:14     | Noticed Nessos
 27320 | D:14     | Killed Nessos
 27539 | D:14     | Noticed Rupert
 27547 | D:14     | Killed Rupert
 27806 | D:14     | Identified the +3 chain mail of Least Resistance {rPois}
 27955 | D:15     | Entered Level 15 of the Dungeon
 28295 | D:15     | Found Mesirghi's General Store.
 28496 | D:15     | Killed from afar by a fire dragon
 28776 | D:15     | Found a staircase to the Depths.
 29305 | Spider:1 | Entered Level 1 of the Spider Nest
 29868 | Spider:1 | Reached skill level 17 in Dodging
 30310 | Spider:1 | Noticed a broodmother
 30320 | Spider:1 | Killed a broodmother
 30321 | Spider:1 | Reached XP level 15. HP: 73/73 MP: 5/29
 30632 | Spider:1 | Reached skill level 10 in Spellcasting
 32254 | Spider:1 | Noticed an emperor scorpion
 32265 | Spider:1 | Killed an emperor scorpion
 33412 | Spider:2 | Slain by a redback
 33417 | Spider:2 | Noticed an emperor scorpion
 33429 | Spider:2 | Slain by an emperor scorpion

Illustrated notes

Levels and vault maps discovered:
D:1:      saegor_arrival_under_anarchy, layout_basic
D:2:      layout_rooms, ebering_ecumenical_altar_box, nicolae_eternal_life,
          minmay_misc_feat_tiny
D:3:      layout_basic, nicolae_ru_path_of_blood, kennysheep_decorative_pillar,
          nicolae_hexahallways, kennysheep_small_spiral, uniq_robin
D:4:      layout_loops_ring, chequers_temple_overflow_minitemple,
          yredelemnul_altar_generic, minmay_temple_entry_trees,
          gammafunk_ghost_smash
D:5:      layout_rooms, kennysheep_okawaru_gauntlet, kennysheep_generic_room_8
D:6:      layout_cave_pods, lemuel_crystal_altar, moated_statue,
          serial_park_tiny_2, uniq_prince_ribbit1
D:7:      layout_loops_ring, mainiacjoe_overflow_catwalk, fedhas_altar_4,
          nzn_hepliaklqana_mist_gate, nrook_loot_triangle, minivault_10,
          serial_bayou_pond_e, grunt_ministairs_3
D:8:      layout_cave_pools, evilmike_ruin_ashenzari, kennysheep_mini_moat,
          lemuel_round_altar, nicolae_vehumet_altar_sigil, uniq_maurice,
          uniq_psyche, uniq_maggie
D:9:      layout_roguey [special_room_orc], lair_entry_dummy
D:10:     layout_roguey, kennysheep_mini, enter_bailey_3, minmay_crystal_room
D:11:     layout_long_grid, serial_shops, shop, gammafunk_ghost_ooze
D:12:     layout_basic, uniq_nergalle, uniq_snorg, uniq_azrael
D:13:     layout_roguey, skrybe_vaults_entry_preservation,
          portal_ice_cave_entry_pillars_1, uniq_kirke
D:14:     layout_basic, uniq_rupert, uniq_nessos
D:15:     grunt_enter_depths_hoard, layout_cave_pools, serial_shops, shop,
          hangedman_decor_opposing, minmay_fountain_box
Temple:   nicolae_temple_bog_church
Lair:1:   layout_small_grid, serial_bayou_shore_a, grunt_megastairs_3
Lair:2:   layout_layer_cave
Lair:3:   layout_regular_city, nicolae_shoals_entry_flooding,
          nicolae_spider_entry_orb_guardian, chequers_serial_rivers_micro_a,
          uniq_sonja
Lair:4:   layout_big_grid, nicolae_slime_entry_field_trip, lookout_lair_type,
          kennysheep_catoblepas_arena
Lair:5:   gammafunk_lair_ancient_temple, layout_gridlike, serial_bayou_lake_a
Spider:1: nicolae_spider_hilbert_zone_2 [nicolae_spider_hilbert_4_sides_1_open,
          nicolae_spider_hilbert_4_sides_1_open,
          nicolae_spider_hilbert_4_sides_1_open,
          nicolae_spider_hilbert_4_sides_1_open,
          nicolae_spider_hilbert_6_sides_1_open,
          nicolae_spider_hilbert_6_sides_1_open,
          nicolae_spider_hilbert_3_sides_1_open,
          nicolae_spider_hilbert_3_sides_1_open,
          nicolae_spider_hilbert_3_sides_1_open,
          nicolae_spider_hilbert_3_sides_1_open,
          nicolae_spider_hilbert_6_sides_1_open,
          nicolae_spider_hilbert_6_sides_1_open,
          nicolae_spider_hilbert_6_sides_1_open,
          nicolae_spider_hilbert_6_sides_1_open], hive_lemuel
Spider:2: layout_spider_delve, drop_trap, nicolae_spider_paper_wasps

Skill      XL: |  1  2  3  4  5  6  7  8  9 10 11 12 13 14 15 |
---------------+----------------------------------------------+-----
Stealth        | 3 |  3.0
Spellcasting   | 3 4 5 6 8 9 11 | 11.8
Dodging        | 3 4 5 7 8 10 12 14 15 17 | 17.0
Summonings     | 5 6 7 8 9 10 11 14 15 | 15.2
Hexes          | 1 2 3 5 7 10 | 10.0
Fighting       | 1 2 3 4 6 7 9 10 11 13 | 13.1
Air Magic      | 3 5 7 |  7.0

Action                     |  1- 3 |  4- 6 |  7- 9 | 10-12 | 13-15 || total
---------------------------+-------+-------+-------+-------+-------++-------
  Melee: Unarmed           |     1 |       |     2 |     2 |     7 ||    12
         Bite              |       |       |       |       |     2 ||     2
   Cast: Summon Small Mamm |    63 |    43 |    57 |       |       ||   163
         Call Imp          |    14 |    14 |       |    45 |     1 ||    74
         Call Canine Famil |     1 |    29 |    66 |    75 |    48 ||   219
         Summon Guardian G |       |     1 |    19 |    37 |    34 ||    91
         Summon Lightning  |       |       |     6 |    34 |    76 ||   116
         Summon Mana Viper |       |       |       |    51 |    38 ||    89
         Monstrous Menager |       |       |       |       |   121 ||   121
 Invoke: Call Merchant     |       |       |       |     2 |     1 ||     3
  Evoke: Wand              |       |       |       |       |     2 ||     2
    Use: Scroll            |     3 |     3 |     3 |    11 |    14 ||    34
         Potion            |     1 |     2 |     1 |       |     7 ||    11
   Stab: Distracted        |       |       |       |       |     1 ||     1
 Armour: Skin              |     8 |     3 |     2 |       |    12 ||    25
  Dodge: Dodged            |    62 |    30 |    79 |    84 |   376 ||   631

Table legend: (Time is in decaauts)
 A = Elapsed time spent in this place.
 B = Non-inter-level travel time spent in this place.
 C = Inter-level travel time spent in this place.
 D = Time resting spent in this place.
 E = Time spent auto-exploring this place.
 F = Levels seen in this place.
 G = Mean time per level.
                   A        B        C        D        E       F      G
               +--------+--------+--------+--------+--------+-----+--------+
         Total |  29860 |  28582 |   1278 |   6188 |  14132 |  23 | 1298.3 |
       Dungeon |  18371 |  17529 |    842 |   3108 |   9393 |  15 | 1224.7 |
        Temple |     24 |     18 |      6 |      0 |      0 |   1 |   24.0 |
          Lair |   7755 |   7327 |    428 |   1777 |   3337 |   5 | 1551.0 |
   Spider Nest |   3707 |   3707 |      0 |   1303 |   1401 |   2 | 1853.5 |
               +--------+--------+--------+--------+--------+-----+--------+

Top non-repeatable levels by time:
Spider:1: 3462 daAuts
  Lair:5: 1991 daAuts
     D:6: 1678 daAuts
  Lair:1: 1658 daAuts
    D:13: 1566 daAuts
     D:9: 1489 daAuts
  Lair:4: 1486 daAuts
  Lair:3: 1434 daAuts
     D:7: 1418 daAuts
    D:14: 1399 daAuts
     D:1: 1237 daAuts
     D:5: 1222 daAuts
  Lair:2: 1186 daAuts
     D:4: 1182 daAuts
    D:12: 1171 daAuts
